 Dungeon Sprint DCSS version 0.20.1-1-g8b1a95d (console) character file.

0 hilaritas the Shield-Bearer (level 1, -3/18 HPs)
             Began as a Formicid Fighter on Oct 28, 2017.
             Was an Initiate of Uskayaw.
             Slain by an iguana (10 damage)
             ... in the Dungeon (Sprint VI: "Thunderdome").
             The game lasted 00:00:56 (45 turns).

hilaritas the Shield-Bearer (Formicid Fighter)        Turns: 45, Time: 00:00:57

Health: -3/18      AC:  6    Str: 20    XL:     1   Next: 22%
Magic:  1/1        EV:  8    Int:  7    God:    Uskayaw [......]
Gold:   0          SH:  9    Dex: 10    Spells: 0/0 levels left

rFire    . . .     SeeInvis +   a - +0 war axe
rCold    . . .     Gourm    .   c - +0 shield
rNeg     . . .     Faith    .   b - +0 scale mail
rPois    .         Spirit   .   (helmet unavailable)
rElec    .         Reflect  .   (no cloak)
rCorr    .         Harm     .   (no gloves)
MR       .....                  (no boots)
Stlth    ..........             (no amulet)
Regen    0.1/turn               (no ring)
MPRegen  0.1/turn               (no ring)

@: no status effects
A: permanent stasis, dig shafts and tunnels, four strong arms, antennae 3
a: Dig, Renounce Religion


You were in the Dungeon.
You worshipped Uskayaw.
Uskayaw was noncommittal.
You were not hungry.

You visited 1 branch

Inventory:

Hand Weapons
 a - a +0 war axe (weapon)
Armour
 b - a +0 scale mail (worn)
 c - a +0 shield (worn)
Scrolls
 k - a scroll of blinking
Potions
 d - a potion of might
 e - a potion of curing
 g - a potion of heal wounds
 h - a potion of haste
 i - 2 potions of magic
 j - a potion of berserk rage
Comestibles
 f - a bread ration


   Skills:
 - Level 3.2 Fighting
 * Level 2.3 Axes
 - Level 3.2 Armour
 + Level 4.2 Shields


You couldn't memorise any spells.
You didn't know any spells.

Dungeon Overview and Level Annotations

Branches:
Dungeon (1/1)

Altars:
Cheibriados
Dithmenos
Fedhas
Gozag
Kikubaaqudgha
Makhleb
Okawaru
Qazlal
Ru
Sif Muna
Trog
Uskayaw
Vehumet
Xom
Yredelemnul
Zin
The Shining One
Beogh
Jiyva
Lugonu

Shops:
D %??*?*:[((!!!!


Innate Abilities, Weirdness & Mutations

You cannot be hasted, slowed, berserked, paralysed or teleported.
You can dig through walls and to a lower floor.
Your four strong arms can wield two-handed weapons with a shield.
You have a pair of large antennae on your head. (SInv)


Message History

Found a stormy altar of Qazlal.
Found a bloodstained altar of Trog.
Found Ytuudog's Weapon Rack.
Found three shops.
Found a hide-covered altar of Uskayaw.
There is a bloodstained altar of Trog here.
The iguana bites you.
The iguana hisses menacingly.
There is a hide-covered altar of Uskayaw here.
You slash the iguana!
The iguana is severely wounded.
The iguana bites you but does no damage.
You kneel at the altar of Uskayaw.
Uskayaw welcomes you! The iguana bites you.
You closely miss the iguana.
The iguana is severely wounded.
The iguana bites you but does no damage.
The iguana bites you!
Ouch! That really hurt!
You die...

....... #.<.# #........
.......###...###........
..........###...........
........8.# #.8........∩
∩___......###......__.∩#
#####.8.........8.######
#⌠...........⌠#
###.........###
#_......._# #_......._#
#@l......_# #∩.......∩#
##∩.....∩## ##.....##
##⌠⌠⌠## #####


You could see an iguana.

Vanquished Creatures
  A bat (D)
1 creature vanquished.

Notes
Turn   | Place    | Note
-------+----------+-------------------------------------------
     0 | D        | hilaritas the Formicid Fighter began the quest for the Orb.
     0 | D        | Reached XP level 1. HP: 18/18 MP: 1/1
     1 | D        | Found a glowing silver altar of Zin.
     1 | D        | Found a shimmering altar of Xom.
     2 | D        | Found an iron altar of Okawaru.
     2 | D        | Found a corrupted altar of Lugonu.
     3 | D        | Found a blossoming altar of Fedhas.
     3 | D        | Found a burning altar of Makhleb.
     4 | D        | Found Bom Hyhif's Identification Station.
     4 | D        | Found a snail-covered altar of Cheibriados.
     4 | D        | Found Jet Bapn's Bee Food.
     5 | D        | Round 1.
     7 | D        | Noticed an iguana
     9 | D        | Found a basalt altar of Yredelemnul.
    11 | D        | Found a shadowy altar of Dithmenos.
    11 | D        | Found a deep blue altar of Sif Muna.
    12 | D        | Found a radiant altar of Vehumet.
    12 | D        | Found a roughly hewn altar of Beogh.
    12 | D        | Found Lunufedd's Magic Scroll Shop.
    12 | D        | Found Ditulig's Staff Store.
    13 | D        | Found Metick's Magic Scroll Shop.
    13 | D        | Found Kedgh's Must-Have Magic.
    15 | D        | Found a glowing golden altar of the Shining One.
    17 | D        | Found an ancient bone altar of Kikubaaqudgha.
    18 | D        | Reached skill level 4 in Shields
    21 | D        | Found Koeh's Distillery.
    21 | D        | Found a viscous altar of Jiyva.
    21 | D        | Found a sacrificial altar of Ru.
    21 | D        | Found Tualitz's Do-It-Yourself Clinic.
    22 | D        | Found Fuut's Distillery.
    22 | D        | Found Lokkoc's Bottled Wisdom.
    25 | D        | Found an opulent altar of Gozag.
    26 | D        | Found a stormy altar of Qazlal.
    27 | D        | Found a bloodstained altar of Trog.
    28 | D        | Found Ytuudog's Weapon Rack.
    29 | D        | Found a hide-covered altar of Uskayaw.
    29 | D        | Found Sarphe's Premium Goods.
    29 | D        | Found Haenaaf's Basic Armour.
    29 | D        | Found Fokoagaok's Miscellaneous Merchandise.
    44 | D        | Became a worshipper of Uskayaw the Reveler
    45 | D        | Slain by an iguana

Skill      XL: |  1 |
---------------+----+-----
Shields        | 4 |  4.2
Fighting       | |  3.2
Axes           | |  2.3
Armour         | |  3.2

Action                   || total
-------------------------++-------
Melee: War axe           ||     4
Armor: Scale mail        ||     3
Dodge: Dodged            ||     2
